 Dungeon Crawl Stone Soup version 0.27-a0-46-g34d46f0a3f (webtiles) character file.

Game seed: 6279237426223079313

401 Borgoz the Skirmisher (level 6, -1/53 HPs)
             Began as a Draconian Abyssal Knight on Jan 7, 2021.
             Was a Believer of Lugonu.
             Slain by an orc
             ... wielding a +2 hand axe of electrocution
              (8 damage)
             ... on level 5 of the Dungeon.
             The game lasted 00:04:36 (3532 turns).

Borgoz the Skirmisher (Draconian Abyssal Knight)    Turns: 3532, Time: 00:04:36

Health: -1/53      AC:  6    Str: 15    XL:     6   Next: 54%
Magic:  7/7        EV: 14    Int: 12    God:    Lugonu [**....]
Gold:   195        SH:  0    Dex: 12    Spells: 5/5 levels left

rFire    . . .     SeeInvis .   a - +2 falchion
rCold    . . .     Faith    +   (no shield)
rNeg     . . .     Spirit   .   (armour unavailable)
rPois    +         Reflect  .   (helmet restricted)
rElec    .         Harm     .   (no cloak)
rCorr    .         Rampage  .   (no gloves)
Will     .....                  (no boots)
Stlth    ++........             c - amulet of faith
HPRegen  0.17/turn              h - ring of stealth
MPRegen  0.10/turn              e - ring of poison resistance

@: no status effects
A: unfitting armour, cold-blooded, AC +6
a: Renounce Religion, Depart the Abyss, Bend Space


You were on level 5 of the Dungeon.
You worshipped Lugonu.
Lugonu was pleased with you.
You visited 1 branch of the dungeon, and saw 5 of its levels.
You visited the Abyss 1 time.

You collected 245 gold pieces.
You spent 50 gold pieces at shops.

Inventory:

Hand Weapons
 a - a +2 falchion (weapon)
Jewellery
 c - an amulet of faith (around neck)
 e - a ring of poison resistance (right hand)
 h - a ring of stealth (left hand)
Scrolls
 b - 2 scrolls of enchant weapon
 j - a scroll of remove curse
 l - a scroll of fear
Potions
 d - a potion of magic
 f - a potion of curing
 g - a potion of ambrosia {unknown}
 i - 2 potions of invisibility {unknown}
 k - a potion of brilliance {unknown}
 m - a potion of heal wounds {unknown}
 n - a potion of might {unknown}


   Skills:
 + Level 4.6 Fighting
 * Level 4.6 Long Blades
 * Level 4.4 Dodging
 - Level 2.0 Invocations


You had 5 spell levels left.
You didn't know any spells.
Your spell library was empty.

Dungeon Overview and Level Annotations

Branches:
Dungeon (5/15)
 Temple: D:4-7

Altars:

Shops:
D:4 *


Innate Abilities, Weirdness & Mutations

Your plain brown scales are hard. (AC +6)
You cannot fit into any form of body armour.
You are cold-blooded and may be slowed by cold attacks.


Message History

You are too injured to fight recklessly!
You are too injured to fight recklessly!
You are too injured to fight recklessly!
You are too injured to fight recklessly!
The orc hits you with a +0 whip.
The orc throws a boomerang.
The boomerang closely misses you.
The weapon returns to the orc!
The orc hits you from afar with a +0 trident.
* * * LOW HITPOINT WARNING * * *
The orc misses you. x2; You riposte.
You closely miss the orc.
The orc is moderately wounded.
You climb downwards.
There is a stone staircase leading up here.
You hit the orc.
The orc is severely wounded.
The orc hits you but does no damage. The orc hits you with a +0 hand axe!
* * * LOW HITPOINT WARNING * * *
The orc hits you with a +2 hand axe of electrocution.
* * * LOW HITPOINT WARNING * * *
You are electrocuted!
You die...

........... .........
........ ..# ...... #..
##...# ..# #...# #..
##...# #..# ##o..#######
#..####@o........## ##
#...##o([.........##..
#..#.)...............
##....................
.................>......#
.........#..............#
##.......#..............#
#.......##..............#
#......###...............


You could see 3 orcs.

Vanquished Creatures
  A sky beast (D:5)
  An ogre (D:4)
  A centaur skeleton (D:4)
  2 orc wizards (D:5)
  A worker ant (D:4)
  4 adders
  An ooze (D:4)
  An adder zombie (D:5)
  2 worms
  2 leopard geckos
  6 orcs
  6 bats
  4 giant cockroaches
  3 goblins
  4 hobgoblins
  3 jackals (D:3)
  3 kobolds
  A ball python (D:1)
  2 frilled lizards
  A jackal skeleton (D:2)
  18 rats
67 creatures vanquished.

Vanquished Creatures (others)
  7 plants (D:3)
7 creatures vanquished.

Grand Total: 74 creatures vanquished

Notes
Turn   | Place    | Note
-------+----------+-------------------------------------------
     0 | Abyss:1  | Borgoz the Draconian Abyssal Knight began the quest for the
                  | Orb.
     0 | Abyss:1  | Reached XP level 1. HP: 19/19 MP: 2/2
    56 | D:1      | Escaped the Abyss
   709 | D:1      | Reached XP level 2. HP: 25/26 MP: 3/3
  1061 | D:2      | Reached * piety under Lugonu
  1614 | D:2      | Reached XP level 3. HP: 31/31 MP: 4/4
  2241 | D:3      | Reached ** piety under Lugonu
  2322 | D:3      | Reached XP level 4. HP: 26/40 MP: 5/5
  2850 | D:4      | Noticed an ogre
  2861 | D:4      | Killed an ogre
  2862 | D:4      | Reached XP level 5. HP: 46/46 MP: 6/6
  2906 | D:4      | Found Himir's Assorted Antiques.
  2910 | D:4      | Bought a scroll labelled GYP NIAXZYA for 25 gold pieces
  2910 | D:4      | Bought a scroll labelled MAACZO POPP for 25 gold pieces
  2959 | D:5      | Entered Level 5 of the Dungeon
  3085 | D:5      | Noticed a sky beast
  3131 | D:5      | Killed a sky beast
  3132 | D:5      | Reached XP level 6. HP: 19/53 MP: 7/7
  3532 | D:5      | Slain by an orc

Illustrated notes

Levels and vault maps discovered:
D:1:      lightli_arrival_chessboard, layout_rooms, serial_park_tiny_pond,
          minmay_pentomino_x2
D:2:      layout_loops_corners, minmay_rat_gold_closets
D:3:      layout_basic, serial_forest, infiniplex_forest_clump_curved,
          infiniplex_forest_corner_1, infiniplex_forest_clump_curved,
          infiniplex_forest_corner_1
D:4:      layout_cave_pools, marbit_many_paths, serial_shops,
          nicolae_shop_waterfront, nicolae_shop_crystal,
          nicolae_shop_temple_entry_statues_fountains
D:5:      layout_cave_pods, chequers_serial_rivers_small_b

Skill      XL: |  1  2  3  4  5 |
---------------+----------------+-----
Dodging        | 3 4 |  4.4
Long Blades    | 3 4 |  4.6
Fighting       | 4 |  4.6
Invocations    | |  2.0

Action                   |  1- 3 |  4- 6 || total
-------------------------+-------+-------++-------
Melee: Falchion          |   117 |    82 ||   199
       Tailslap          |    12 |    12 ||    24
Invok: Depart the Abyss  |     1 |       ||     1
  Use: Potion            |     1 |     2 ||     3
       Scroll            |     2 |     6 ||     8
 Stab: Sleeping          |     7 |     1 ||     8
Armor: Skin              |    39 |    36 ||    75
Dodge: Dodged            |   109 |    85 ||   194
       Rpst.: Falchion   |    31 |    35 ||    66

Table legend: (Time is in decaauts)
 A = Elapsed time spent in this place.
 B = Non-inter-level travel time spent in this place.
 C = Inter-level travel time spent in this place.
 D = Time resting spent in this place.
 E = Time spent auto-exploring this place.
 F = Levels seen in this place.
 G = Mean time per level.
                   A        B        C        D        E       F      G
               +--------+--------+--------+--------+--------+-----+--------+
         Total |   3581 |   3533 |     48 |   1052 |   1859 |   7 |  511.6 |
       Dungeon |   3523 |   3475 |     48 |   1052 |   1854 |   5 |  704.6 |
         Abyss |     57 |     57 |      0 |      0 |      5 |   2 |   28.5 |
               +--------+--------+--------+--------+--------+-----+--------+

Top non-repeatable levels by time:
     D:1: 997 daAuts
     D:2: 937 daAuts
     D:3: 869 daAuts
     D:5: 584 daAuts
     D:4: 134 daAuts
 Abyss:1: 33 daAuts
 Abyss:2: 24 daAuts
